 Dungeon Crawl Stone Soup version 0.29.1-13-g9f3cf754e1 (webtiles) character file.

Game seed: 12535002429435187194

56 Thatpatchoflichen the Trooper (level 3, -1/41 HPs)
             Began as an Ogre Monk on Jan 22, 2023.
             Slain by a gnoll
             ... wielding a +0 halberd
              (8 damage)
             ... on level 2 of the Dungeon.
             The game lasted 00:02:54 (1313 turns).

Thatpatchoflichen the Trooper (Ogre Monk)           Turns: 1313, Time: 00:02:55

Health: -1/41      AC:  3    Str: 17    XL:     3   Next: 95%
Magic:  3/3        EV: 10    Int: 11    God:
Gold:   95         SH:  0    Dex: 11    Spells: 2/2 levels left

rFire   . . .      SeeInvis .   a - +0 mace
rCold   . . .      Faith    .   (no shield)
rNeg    . . .      Spirit   .   b - +0 robe
rPois   .          Reflect  .   (helmet restricted)
rElec   .          Harm     .   (no cloak)
rCorr   .          Rampage  .   (gloves unavailable)
Will    .....                   (boots unavailable)
Stlth   ++........              (no amulet)
HPRegen 0.13/turn               (no ring)
MPRegen 0.08/turn               (no ring)

@: no status effects
A: large, unfitting armour, tough skin 1
a: no special abilities


You were on level 2 of the Dungeon.
You visited 1 branch of the dungeon, and saw 3 of its levels.

You collected 95 gold pieces.

Inventory:

Hand Weapons
 a - a +0 mace (weapon)
 l - the +6 war axe "Utelu" {vorpal, +Blink rElec rF+}
   (You found it on level 2 of the Dungeon)

   It inflicts extra damage upon your enemies.
   rF:        It protects you from fire.
   rElec:     It insulates you from electricity.
   +Blink:    It lets you blink.
Missiles
 m - 10 poisoned darts (quivered)
Armour
 b - a +0 robe (worn)
Scrolls
 e - a scroll of summoning {unknown}
 h - 4 scrolls of identify {unknown}
 i - a scroll of enchant weapon {unknown}
 o - a scroll of fear {unknown}
Potions
 c - 2 potions of ambrosia
 d - a potion of lignification {unknown}
 f - a potion of cancellation {unknown}
 g - a potion of mutation {unknown}
 j - a potion of invisibility {unknown}
 k - 2 potions of attraction {unknown}
 n - a potion of curing {unknown}


   Skills:
 + Level 4.9 Fighting
 * Level 3.4 Maces & Flails
 + Level 3.1 Dodging
 - Level 1.4 Stealth


You had 2 spell levels left.
You didn't know any spells.
Your spell library was empty.

Dungeon Overview and Level Annotations

Branches:
Dungeon (3/15)

Altars:


Innate Abilities, Weirdness & Mutations

You are too large for most types of armour.
You have tough skin. (AC +1)


Message History

A gnoll comes into view. It is wielding a +0 spear.
The gnoll shouts!
The endoplasm quivers.
You thump the ball python!
You kill the ball python!
A gnoll comes into view. It is wielding a +0 halberd.
A gnoll comes into view. It is wielding a +0 flail.
The gnoll shouts! x2
You sock the endoplasm!
You kill the endoplasm!
The gnoll hits you with a +0 spear.
You see here a ball python corpse.
You hit the gnoll.
The gnoll is lightly wounded.
The gnoll hits you with a +0 spear. The gnoll barely misses you.
You thump the gnoll!
The gnoll is severely wounded.
The gnoll hits you with a +0 spear.
The gnoll hits you from afar with a +0 halberd.
You closely miss the gnoll.
The gnoll is severely wounded.
The gnoll misses you. The gnoll barely misses you.
The gnoll hits you with a +0 spear. The gnoll closely misses you.
You hit the gnoll.
You kill the gnoll!
The gnoll hits you from afar with a +0 halberd.
The gnoll misses you.
You see here a +0 spear.
You hit the gnoll but do no damage. The gnoll hits you with a +0 halberd.
You sock the gnoll!
The gnoll is severely wounded.
The gnoll hits you with a +0 halberd!
* * * LOW HITPOINT WARNING * * *
You closely miss the gnoll.
The gnoll is severely wounded.
The gnoll closely misses you.
You barely miss the gnoll.
The gnoll is severely wounded.
The gnoll hits you with a +0 halberd!
You die...

......## #... #.##.##.###
)......#####...###### #.......#..
....................######.####..
.##.#..............†.....#.......
....#...............#......####..
.##.#..###.#...#.####......# #..
.......# #.. #.# #......# ###
.##.#.## #. #†# #......# .##.# #
# #@# ###.#### .##.# #g# #.# ...
.g# #.# .... #.. ..... ###
#.####. .. . .. ..


You could see 2 gnolls.

Vanquished Creatures
  A gnoll (D:2)
  2 adders (D:2)
  A worm (D:2)
  A dart slug (D:2)
  4 ball pythons
  3 endoplasms
  A goblin (D:2)
  4 jackals (D:2)
  A quokka (D:1)
  3 frilled lizards (D:1)
  2 kobolds
  3 rats (D:1)
26 creatures vanquished.

Notes
Turn   | Place    | Note
-------+----------+-------------------------------------------
     0 | D:1      | Thatpatchoflichen the Ogre Monk began the quest for the
                  | Orb.
     0 | D:1      | Reached XP level 1. HP: 24/24 MP: 1/1
   451 | D:1      | Reached XP level 2. HP: 33/33 MP: 2/2
   998 | D:2      | Reached XP level 3. HP: 40/40 MP: 3/3
  1011 | D:2      | Identified the +6 war axe "Utelu" {vorpal, +Blink rElec
                  | rF+}
  1313 | D:2      | Slain by a gnoll

Illustrated notes

Levels and vault maps discovered:
D:1:      grunt_arrival_crossed_arrows, layout_loops_ring
D:2:      layout_loops_cross, basic_ecumenical_altar, uniq_sigmund
D:3:      layout_loops_ring, uniq_natasha, uniq_robin

Skill      XL: |  1  2 |
---------------+-------+-----
Maces & Flails | 3 |  3.4
Dodging        | 3 |  3.1
Fighting       | |  4.9
Stealth        | |  1.4

Action                   || total
-------------------------++-------
Melee: Mace              ||    76
 Stab: Sleeping          ||     1
Armor: Robe              ||    23
Dodge: Dodged            ||    47
